 Dungeon Crawl Stone Soup version 0.30-a0-728-gc68057be0a (webtiles) character file.

Game seed: 7146532040607013529

686 omnomnOMINOUS the Sneak (level 7, -4/50 HPs)
             Began as an Octopode Wanderer on Jan 30, 2023.
             Was a Believer of Wu Jian.
             Slain by a lemure (8 damage)
             ... led by Pikel
             ... on level 5 of the Dungeon.
             The game lasted 00:07:27 (3816 turns).

omnomnOMINOUS the Sneak (Octopode Wanderer)         Turns: 3816, Time: 00:07:27

Health: -4/50      AC:  1    Str: 15    XL:     7   Next: 62%
Magic:  12/12      EV: 14    Int: 13    God:    Wu Jian [**....]
Gold:   141        SH:  0    Dex: 13    Spells: 12/12 levels left

rFire   . . .      SeeInvis .    a - +2 dagger (drain)
rCold   . . .      Faith    .    (no shield)
rNeg    . . .      Spirit   .    (helmet restricted)
rPois   .          Reflect  .    (no amulet)
rElec   .          Harm     .    (no ring)
rCorr   .          Rampage  .    (no ring)
Will    +....                    (no ring)
Stlth   +++++                    (no ring)
HPRegen 0.28/turn                (no ring)
MPRegen 0.13/turn                (no ring)
                                 (no ring)
                                 (no ring)

@: unable to read
A: almost no armour, amphibious, 8 rings, camouflage 1, gelatinous body 1,
(nimble swimmer 1), tentacles, deterioration 1, strong-willed 1, strong 1,
inability to read after injury 1
a: Renounce Religion, Wall Jump


You were on level 5 of the Dungeon.
You worshipped Wu Jian.
Wu Jian was pleased with you.
You visited 1 branch of the dungeon, and saw 5 of its levels.

You collected 141 gold pieces.

Inventory:

Hand Weapons
 a - a +2 dagger of draining (weapon)
 b - a +2 whip of electrocution
 d - a +0 mace
 l - a +0 dagger
Missiles
 c - 2 datura-tipped darts
 p - an atropa-tipped dart (quivered)
 q - 12 poisoned darts
Wands
 y - a wand of roots (10)
Scrolls
 k - 5 scrolls of identify {unknown}
 v - a scroll of silence {unknown}
 w - 2 scrolls of teleportation {unknown}
 x - a scroll of fear {unknown}
Potions
 e - a potion of lignification
 f - 3 potions of attraction
 g - 3 potions of mutation
 i - a potion of magic {unknown}
 j - a potion of haste {unknown}
 n - 2 potions of curing {unknown}
 o - a potion of cancellation {unknown}
 r - 2 potions of heal wounds {unknown}
 s - a potion of might {unknown}
 t - a potion of flight {unknown}
 u - a potion of berserk rage {unknown}


   Skills:
 + Level 5.0 Fighting
 + Level 3.0 Short Blades
 - Level 1.0 Maces & Flails
 + Level 3.7 Dodging
 + Level 7.5 Stealth
 + Level 3.3 Spellcasting
 - Level 1.1 Evocations


You had 12 spell levels left.
You didn't know any spells.
Your spell library contained the following spells:

 Spells                   Type           Power      Damage    Failure   Level
 Hailstorm                Conj/Ice       2%         3d3       54%         3
 Ice Form                 Ice/Tmut       2%         N/A       91%         4
 Simulacrum               Ice/Necr       1%         N/A       100%        6


Dungeon Overview and Level Annotations

Branches:
Dungeon (5/15)
 Temple: D:4-7

Altars:
Cheibriados
Elyvilon
Sif Muna
Wu Jian
Zin

Annotations:
D:5 Pikel


Innate Abilities, Weirdness & Mutations

You cannot wear most types of armour.
You are amphibious.
You can wear up to eight rings at the same time.
Your skin changes colour to match your surroundings (Stealth+).
Your rubbery body absorbs attacks. (AC +1, EV +1)
((You are camouflaged when in or above water. (Stealth+)))
You have tentacles for arms and can constrict up to eight enemies at once.
Your body sometimes deteriorates upon taking damage.
You are strong-willed. (Will+)
Your muscles are strong. (Str +4, Int/Dex -1)
You occasionally lose the ability to read scrolls when taking damage.


Message History

You hit the hound but do no damage. You drain the hound.
You kill the hound!
The Council accepts your kill.
Your Fighting skill increases to level 5!
Your Short Blades skill increases to level 3!
An iguana comes into view.
The iguana hisses angrily.
You see here an adder corpse.
The iguana misses you.
You see here an adder corpse.
The iguana attacks as you move away! The iguana bites you!
* * * LOW HITPOINT WARNING * * *
Okay, then.
Unknown command.
It was a potion of mutation.
You feel extremely strange.
You feel yourself wasting away.
You feel strong-willed.
You occasionally lose the ability to read scrolls when taking damage.
You feel stronger. The iguana bites you.
* * * LOW HITPOINT WARNING * * *
Okay, then.
Okay, then.
Unknown command.
Aiming: Wall Jump
Press: ? - help, Dir - move target
Okay, then.
Unknown command.
Okay, then.
Unknown command.
As you read the scroll labelled ATOAR DUOTOFY, it crumbles to dust.
You hear a loud clanging noise!
It was a scroll of noise.
You hear a shout! x6
The iguana misses you.
As you read the scroll labelled MEUHYR ULAAHEM, it crumbles to dust.
It is a scroll of enchant armour.
You aren't carrying any armour which can be enchanted further.
The lemure hits you!
You feel threatened and lose the ability to read scrolls!
You die...

##### ##########...
#..........#####
#..........#<..#.#.
+.....)...........>.
#......).).###......
#..........#####.#..
#......).........# .#
#........@###### ...#
#.......5l#...# ...#
#........†#...###...#
#..................#
#..........†.......#
#..................#
.......#..........##+
......#.....K.......
......###+###)......


You could see a lemure and an iguana.

Vanquished Creatures
  Sigmund (D:2)
  An ogre (D:4)
  An orc priest (D:4)
  3 hounds
  An iguana (D:4)
  Natasha (thrice) (D:4)
  An orc wizard (D:4)
  Ijyb (D:5)
  4 gnolls (D:5)
  6 adders
  A worm (D:2)
  7 orcs (D:4)
  6 endoplasms
  2 giant cockroaches
  11 goblins
  11 hobgoblins
  4 jackals (D:4)
  4 ball pythons
  7 bats
  5 frilled lizards
  9 kobolds
  7 rats
96 creatures vanquished.

Vanquished Creatures (others)
  A quokka (D:4)
  2 plants (D:1)
3 creatures vanquished.

Grand Total: 99 creatures vanquished

Notes
Turn   | Place    | Note
-------+----------+-------------------------------------------
     0 | D:1      | omnomnOMINOUS the Octopode Wanderer began the quest for the
                  | Orb.
     0 | D:1      | omnomnOMINOUS set off with the following items: a +0
                  | dagger, an atropa-tipped dart, 2 datura-tipped darts, a +0
                  | mace, a potion of lignification, a potion of attraction.
     0 | D:1      | Reached XP level 1. HP: 16/16 MP: 1/1
    50 | D:1      | Found an ornate altar of the Wu Jian Council.
    85 | D:1      | Reached XP level 2. HP: 14/21 MP: 2/2
   359 | D:1      | Reached skill level 1 in Spellcasting
   465 | D:1      | Reached skill level 1 in Dodging
   541 | D:1      | Reached XP level 3. HP: 21/26 MP: 4/4
   948 | D:1      | Became a worshipper of the Wu Jian Council
  1040 | D:2      | Found a white marble altar of Elyvilon.
  1259 | D:2      | Reached XP level 4. HP: 23/32 MP: 6/6
  1394 | D:2      | Noticed Sigmund
  1398 | D:2      | Killed Sigmund
  1399 | D:2      | Reached skill level 1 in Short Blades
  1399 | D:2      | Reached XP level 5. HP: 27/37 MP: 6/8
  1868 | D:3      | Reached XP level 6. HP: 43/43 MP: 9/9
  1885 | D:3      | Found a snail-covered altar of Cheibriados.
  2109 | D:3      | Found a glowing silver altar of Zin.
  2144 | D:3      | Reached * piety under Wu Jian
  2629 | D:4      | Found a white marble altar of Elyvilon.
  2895 | D:4      | Reached skill level 7 in Stealth
  2930 | D:4      | Noticed Natasha
  2932 | D:4      | Found a shimmering blue altar of Sif Muna.
  2935 | D:4      | Killed Natasha
  2936 | D:4      | Reached XP level 7. HP: 49/49 MP: 11/11
  3135 | D:4      | Noticed Natasha
  3142 | D:4      | Killed Natasha
  3451 | D:4      | Found a white marble altar of Elyvilon.
  3454 | D:4      | Noticed Natasha
  3462 | D:4      | Killed Natasha
  3493 | D:4      | Found a shimmering blue altar of Sif Muna.
  3775 | D:5      | Entered Level 5 of the Dungeon
  3780 | D:5      | Reached ** piety under Wu Jian
  3792 | D:5      | Noticed Ijyb
  3801 | D:5      | Killed Ijyb
  3804 | D:5      | Noticed Pikel
  3807 | D:5      | Reached skill level 5 in Fighting
  3814 | D:5      | Gained mutation: Your body sometimes deteriorates upon
                  | taking damage. [potion of mutation]
  3814 | D:5      | Gained mutation: You are strong-willed. (Will+) [potion of
                  | mutation]
  3814 | D:5      | Gained mutation: You occasionally lose the ability to read
                  | scrolls when taking damage. [potion of mutation]
  3814 | D:5      | Gained mutation: Your muscles are strong. (Str +4, Int/Dex
                  | -1) [potion of mutation]
  3816 | D:5      | Slain by a lemure

Illustrated notes

Levels and vault maps discovered:
D:1:      nzn_arrival_depleted_hourglass, layout_basic, serial_forest,
          infiniplex_forest_clump_long, infiniplex_forest_lined_3,
          infiniplex_forest_corner_1, infiniplex_forest_clump_small,
          infiniplex_forest_corner_1, minmay_hexomino_r4
D:2:      cheibrodos_greedy_goblins, layout_rooms, basic_altar,
          minmay_misc_feat_plants, uniq_sigmund
D:3:      layout_loops_corners, lemuel_crystal_altar, lemuel_crystal_altar,
          kennysheep_nub, minmay_misc_feat_doors, bh_walls_and_bars
D:4:      layout_rooms, lemuel_crystal_altar, elyvilon_altar_4, uniq_natasha
D:5:      layout_basic, minmay_temple_entry_poolview, uniq_duvessa, uniq_pikel,
          uniq_ijyb, uniq_blork_the_orc

Skill      XL: |  1  2  3  4  5  6  7 |
---------------+----------------------+-----
Spellcasting   | 1 2 3 |  3.3
Dodging        | 1 2 3 |  3.7
Fighting       | 4 5 |  5.0
Short Blades   | 1 2 3 |  3.0
Stealth        | 7 |  7.5
Maces & Flails | |  1.0
Evocations     | |  1.1

Action                     |  1- 3 |  4- 6 |  7- 9 || total
---------------------------+-------+-------+-------++-------
  Melee: Dagger            |    22 |    61 |    32 ||   115
         Constrict         |    17 |    16 |     3 ||    36
         Tentacles         |    12 |    14 |    11 ||    37
         Whip              |    55 |     5 |       ||    60
         Punch             |     2 |       |     1 ||     3
Ability: Lunge             |     3 |    11 |     6 ||    20
    Use: Scroll            |       |       |     2 ||     2
         Potion            |       |       |     1 ||     1
   Stab: Sleeping          |    16 |    12 |     5 ||    33
 Armour: Skin              |     3 |     3 |       ||     6
  Dodge: Dodged            |    30 |    16 |    13 ||    59

Table legend: (Time is in decaauts)
 A = Elapsed time spent in this place.
 B = Non-inter-level travel time spent in this place.
 C = Inter-level travel time spent in this place.
 D = Time resting spent in this place.
 E = Time spent auto-exploring this place.
 F = Levels seen in this place.
 G = Mean time per level.
                   A        B        C        D        E       F      G
               +--------+--------+--------+--------+--------+-----+--------+
         Total |   3809 |   3590 |    219 |      0 |   3057 |   5 |  761.8 |
       Dungeon |   3809 |   3590 |    219 |      0 |   3057 |   5 |  761.8 |
               +--------+--------+--------+--------+--------+-----+--------+

Top non-repeatable levels by time:
     D:4: 1255 daAuts
     D:1: 1003 daAuts
     D:3: 828 daAuts
     D:2: 683 daAuts
     D:5: 38 daAuts
